 Dungeon Crawl Stone Soup version 0.23-a0-644-gb60d84b (webtiles) character file.

69446 Borgoz the Warrior (level 14, -1/135 HPs)
             Began as a Minotaur Berserker on Jan 1, 2019.
             Was a High Priest of Trog.
             Slain by a death yak (18 damage)
             ... on level 6 of the Lair of Beasts.
             The game lasted 00:51:31 (20994 turns).

Borgoz the Warrior (Minotaur Berserker)            Turns: 20994, Time: 00:51:32

Health: -1/135     AC: 16    Str: 29    XL:     14   Next: 90%
Magic:  4/4        EV: 26    Int:  4    God:    Trog [*****.]
Gold:   1525       SH:  0    Dex: 15    Spells: 13/13 levels left

rFire    + . .     SeeInvis .   a - +4 executioner's axe (antimagic)
rCold    . . .     Gourm    .   (shield currently unavailable)
rNeg     . . .     Faith    .   D - +4 ring mail of the Fife {rElec rF+ rCorr Str+2}
rPois    .         Spirit   .   q - +2 hat {MR+}
rElec    +         Reflect  .   G - scarf {cloud immunity}
rCorr    +         Harm     +   (no gloves)
MR       ++++.                  (no boots)
Stlth    +.........             I - amulet of harm
HPRegen  1.32/turn              b - +2 ring of protection
MPRegen  0.09/turn              e - +5 ring of evasion

@: mighty, berserk cooldown, regenerating, hasted and slowed
A: retaliatory headbutt, horns 2
a: Berserk, Trog's Hand, Brothers in Arms, Renounce Religion


You were on level 6 of the Lair of Beasts.
You worshipped Trog.
Trog was extremely pleased with you.
You were not hungry.

You visited 4 branches of the dungeon, and saw 21 of its levels.

You collected 1525 gold pieces.

Inventory:

Hand Weapons
 a - a +4 antimagic executioner's axe (weapon)
 R - a +2 executioner's axe of freezing
Armour
 q - a +2 hat of magic resistance (worn)
 D - the +4 ring mail of the Fife (worn) {rElec rF+ rCorr Str+2}
   (You found it on level 3 of the Lair of Beasts)

   It affects your strength (+2).
   It protects you from fire.
   It insulates you from electricity.
   It provides partial protection from all sources of acid and corrosion.
 G - a scarf of cloud immunity (worn)
Jewellery
 b - a +2 ring of protection (left hand)
 e - a +5 ring of evasion (right hand)
 g - the ring "Jyrrich" {rPois rC- rN+ Str+4 Dex+2, unknown}
   (You acquired it on level 5 of the Lair of Beasts)

   [ring of dexterity]

   It affects your strength (+4).
   It affects your dexterity (+2).
   It makes you vulnerable to cold.
   It protects you from poison.
   It protects you from negative energy.
 k - an uncursed ring of ice
 y - an uncursed ring of flight
 I - an amulet of harm (around neck)
 K - the ring "Surih" {*Drain rF- rN+ Str+8 Stlth+}
   (You found it on level 3 of the Lair of Beasts)

   [ring of stealth]

   It affects your strength (+8).
   It makes you vulnerable to fire.
   It protects you from negative energy.
   It causes draining when unequipped.
   It makes you more stealthy.
 P - an uncursed ring of ice
 U - an uncursed ring of positive energy
Wands
 f - a wand of disintegration (17)
 n - a wand of acid (17)
 u - a wand of flame (40)
 A - a wand of random effects (19)
 F - a wand of iceblast (8)
 L - a wand of polymorph (11)
 O - a wand of clouds (4)
Scrolls
 d - 5 scrolls of teleportation
 i - a scroll of amnesia
 l - 8 scrolls of remove curse
 m - 2 scrolls of enchant weapon
 B - 3 scrolls of magic mapping
 C - a scroll of fear
 V - 3 scrolls of blinking
Potions
 h - 4 potions of resistance
 o - 3 potions of flight
 r - a potion of mutation
 t - 4 potions of curing
 w - a potion of lignification {unknown}
 z - a potion of agility
 M - 2 potions of brilliance
 N - a potion of might
 S - a potion of haste
 W - a potion of cancellation
Comestibles
 c - 31 rations


   Skills:
 + Level 15.5 Fighting
 + Level 15.4 Axes
 + Level 15.2 Armour
 + Level 14.1 Dodging


You had 13 spell levels left.
You didn't know any spells.
Your spell library contained the following spells:

 Spells                   Type           Power        Failure   Level  Hunger
 Corona                   Hex            #......      58%         1    ##.....
 Ensorcelled Hibernation  Hex/Ice        #.....       73%         2    ###....
 Confuse                  Hex            #.......     91%         3    ####...
 Dazzling Spray           Conj/Hex       #.....       91%         3    ####...
 Tukima's Dance           Hex            #.......     91%         3    ####...


Dungeon Overview and Level Annotations

Branches:
Dungeon (13/15)            Temple (1/1) D:5            Lair (6/6) D:8
 Shoals (0/4) Lair:3       Spider (0/4) Lair:4          Orc (1/2) D:11
 Vaults (0/5) D:13
  Slime: Lair:5-6

Altars:
Ashenzari
Cheibriados
Dithmenos
Elyvilon
Fedhas
Gozag
Hepliaklqana
Kikubaaqudgha
Makhleb
Nemelex Xobeh
Okawaru
Qazlal
Ru
Sif Muna
Trog
Uskayaw
Vehumet
Wu Jian
Xom
Yredelemnul
Zin
The Shining One
Beogh

Shops:
D:5 [   D:10 }

Portals:
Trove: D:10 (give horn of Geryon)

Annotations:
Lair:2 2 transporters, Lanoc's ghost, journeyman GnMo


Innate Abilities, Weirdness & Mutations

You reflexively headbutt those who attack you in melee.
You have a pair of horns on your head.


Message History

You closely miss the blink frog.
A death yak comes into view.
The blink frog misses you.
You slice the blink frog!!
The blink frog's magic leaks into the air.
The blink frog is almost dead.
The blink frog completely misses you. You furiously retaliate!
You headbutt the blink frog!
You kill the blink frog!
Trog accepts your kill.
You are too berserk!
Things that are here:
an elephant corpse; a wolf corpse You feel a strong urge to attack something.
You feel your anger nearly subside.
You are no longer berserk.
You are exhausted.
You feel yourself slow down.
You feel yourself speed up. The death yak gores you!
You die...

≈.Y ..§### .. ..$.#. ##
#.. ...... ##.# ...#
#....†######.### ##.....
#.....<.##...#.##.#.....
..t...............P....#
....#..††..†..........#
... ##...†(Y...Y@....#
.# #..P.†.†.....###.#
######.#.#.#.# #########


You could see 2 death yaks.

Vanquished Creatures
  Gastronok (Lair:2)
  Kirke (D:13)
  Fannar (D:10)
  An ice dragon (D:10)
  A catoblepas (Lair:6)
  A hydra (Lair:5)
  A centaur warrior (D:13)
  2 two-headed ogres
  6 death yaks
  The ghost of MordorOrchid the Basher, a journeyman GrAK of Lugonu (D:10)
  Nergalle (Lair:2)
  Sonja (D:10)
  A wolf spider zombie (D:12)
  An ugly thing (D:13)
  3 slime creatures (D:10)
  2 deep elf magi (D:13)
  2 cyclopes
  3 manticores
  21 elephants
  A moth of wrath (D:10)
  Maurice (D:10)
  2 black mambas
  A gargoyle (D:10)
  3 spiny frogs
  A kobold demonologist (D:11)
  4 komodo dragons
  2 jumping spiders (Lair:4)
  3 trolls (D:11)
  Grinder (D:3)
  A raiju (shapeshifter) (D:13)
  13 blink frogs
  The ghost of feelmyfire the Ruffian, an amateur GrWr of Ru (D:5)
  7 hippogriffs
  A centaur simulacrum (D:13)
  4 wyverns
  A meliai zombie (D:12)
  2 wraiths (D:11)
  34 yaks
  Eustachio (D:5)
  5 basilisks
  6 hogs
  A human (D:7)
  5 hungry ghosts
  Edmund (D:5)
  4 wargs
  7 water moccasins
  2 soldier ants
  8 porcupines
  Duvessa (D:5)
  A meliai simulacrum (D:13)
  3 ice beasts
  14 orc warriors
  7 black bears
  3 phantoms
  5 sky beasts
  2 eyes of draining (D:13)
  11 ogres
  11 centaurs
  30 wolves
  5 crocodiles
  3 big kobolds
  Blork the orc (D:6)
  18 bullfrogs
  Dowan (D:5)
  A wyvern skeleton (D:11)
  5 scorpions
  6 killer bees (D:10)
  4 howler monkeys
  5 crimson imps
  4 centaur zombies
  2 bullfrog zombies
  6 jellies
  A quasit (D:11)
  13 orc priests
  6 hounds
  2 iguanas
  24 orc wizards
  Crazy Yiuf (D:3)
  A centaur skeleton (D:5)
  Ijyb (D:3)
  2 bullfrog skeletons
  Natasha (thrice) (D:4)
  10 worker ants
  A bullfrog simulacrum (D:13)
  A hound zombie (D:7)
  A hound skeleton (D:8)
  A howler monkey zombie (D:5)
  2 worker ant zombies
  3 gnolls (D:8)
  A howler monkey skeleton (D:5)
  7 adders
  2 shadow imps
  3 white imps (D:13)
  3 oozes
  2 adder zombies
  2 worms (D:3)
  A dart slug (D:3)
  9 leopard geckos
  71 orcs
  4 giant cockroaches
  10 goblins
  8 hobgoblins
  5 jackals
  14 kobolds
  5 quokkas
  8 bats
  5 frilled lizards
  A leopard gecko skeleton (D:5)
  2 quokka skeletons
  A quokka zombie (D:6)
  15 rats
  5 bushes (Lair:2)
  3 fungi
  3 plants (Lair:2)
586 creatures vanquished.

Vanquished Creatures (collateral kills)
  2 hydras
2 creatures vanquished.

Vanquished Creatures (others)
  5 humans (D:13)
  A bullfrog simulacrum (D:13)
  A fungus (Lair:6)
  4 plants
11 creatures vanquished.

Grand Total: 599 creatures vanquished

Notes
Turn   | Place    | Note
-------+----------+-------------------------------------------
     0 | D:1      | Borgoz the Minotaur Berserker began the quest for the Orb.
     0 | D:1      | Reached XP level 1. HP: 19/19 MP: 0/0
   121 | D:1      | Reached XP level 2. HP: 20/27 MP: 1/1
   709 | D:1      | Reached XP level 3. HP: 26/33 MP: 2/2
   755 | D:2      | Reached ** piety under Trog
  1195 | D:2      | Found a basalt altar of Yredelemnul.
  1202 | D:2      | Found an ornate altar of the Wu Jian Council.
  1279 | D:2      | Found a burning altar of Makhleb.
  1444 | D:2      | Reached XP level 4. HP: 36/41 MP: 3/3
  1710 | D:3      | Noticed a bullfrog
  1720 | D:3      | Killed a bullfrog
  1720 | D:3      | Reached XP level 5. HP: 21/47 MP: 4/4
  1736 | D:3      | HP: 2/47 [orc wizard/+0 hand axe (5)]
  1738 | D:3      | Reached skill level 5 in Axes
  2080 | D:3      | Reached skill level 5 in Fighting
  2126 | D:3      | Found a runed door.
  2185 | D:3      | Noticed Ijyb
  2200 | D:3      | Killed Ijyb
  2200 | D:3      | Reached XP level 6. HP: 51/56 MP: 5/5
  2236 | D:3      | Noticed Grinder
  2245 | D:3      | Paralysed by Grinder for 4 turns
  2265 | D:3      | Paralysed by Grinder for 2 turns
  2274 | D:3      | Paralysed by Grinder for 4 turns
  2278 | D:3      | Killed Grinder
  2514 | D:4      | Noticed Natasha
  2520 | D:4      | Killed Natasha
  2556 | D:4      | Noticed Natasha
  2563 | D:4      | Killed Natasha
  2563 | D:4      | Reached skill level 5 in Armour
  2563 | D:4      | Reached XP level 7. HP: 53/62 MP: 6/6
  2598 | D:3      | Found a glowing golden altar of the Shining One.
  2669 | D:3      | Found an opulent altar of Gozag.
  2905 | D:3      | Noticed Crazy Yiuf
  2908 | D:3      | Killed Crazy Yiuf
  2980 | D:4      | Noticed Natasha
  2988 | D:4      | Killed Natasha
  3566 | D:5      | Entered Level 5 of the Dungeon
  3566 | D:5      | Found a transporter.
  3566 | D:5      | Noticed feelmyfire's ghost (amateur GrWr)
  3571 | D:5      | Reached *** piety under Trog
  3571 | D:5      | Reached skill level 5 in Dodging
  3601 | D:5      | Noticed Duvessa
  3602 | D:5      | Found a transporter.
  3602 | D:5      | Noticed Dowan
  3610 | D:5      | Killed Duvessa
  3612 | D:5      | Killed Dowan
  3612 | D:5      | Reached XP level 8. HP: 71/71 MP: 7/7
  3622 | D:5      | Got a twisted ring mail
  3664 | D:5      | Found a staircase to the Ecumenical Temple.
  3669 | D:5      | Noticed Eustachio
  3706 | Temple   | Entered the Ecumenical Temple
  3963 | D:5      | Killed Eustachio
  4258 | D:5      | Noticed Edmund
  4272 | D:5      | Killed Edmund
  4329 | D:5      | Found Hetag's Armour Shoppe.
  4608 | D:6      | Found a shimmering altar of Xom.
  4657 | D:6      | Found a blossoming altar of Fedhas.
  5043 | D:6      | Noticed Blork the orc
  5052 | D:6      | Killed Blork the orc
  5052 | D:6      | Reached XP level 9. HP: 58/81 MP: 8/8
  5598 | D:7      | Found a blossoming altar of Fedhas.
  5634 | D:7      | Reached **** piety under Trog
  6139 | D:7      | Reached XP level 10. HP: 91/91 MP: 9/9
  6143 | D:7      | Found a shadowy altar of Dithmenos.
  6821 | D:5      | Killed feelmyfire's ghost
  7517 | D:8      | Noticed a death yak
  7563 | D:9      | Reached skill level 10 in Axes
  7566 | D:9      | Reached skill level 10 in Fighting
  7966 | D:8      | Reached ***** piety under Trog
  7973 | D:8      | Noticed a death yak
  7974 | D:8      | Noticed a death yak
  7974 | D:8      | Noticed a death yak
  7975 | D:8      | Noticed a death yak
  7977 | D:8      | Found a staircase to the Lair.
  7982 | D:8      | Killed a death yak
  7999 | D:8      | Killed a death yak
  7999 | D:8      | Reached skill level 10 in Armour
  8361 | D:9      | Identified the +0 ring mail of Qawes {rF+} (You found it on
                  | level 5 of the Dungeon)
  8371 | D:9      | Noticed a two-headed ogre
  8384 | D:9      | Killed a two-headed ogre
  8436 | D:9      | Reached XP level 11. HP: 84/101 MP: 10/10
  8544 | D:9      | Found a white marble altar of Elyvilon.
  8836 | D:9      | HP: 5/102 [yak (13)]
  9259 | D:9      | Received a gift from Trog
  9802 | D:10     | Entered Level 10 of the Dungeon
  9802 | D:10     | Found Civ Qeumugy's Gadget Shoppe.
  9852 | D:10     | Reached skill level 10 in Dodging
  9869 | D:10     | Found a transporter.
  9888 | D:10     | Noticed MordorOrchid's ghost (journeyman GrAK)
  9902 | D:10     | Found the +0 Maxwell's etheric cage {RegenMP+ *Contam rElec
                  | MP+4}
 10058 | D:10     | Found a transporter.
 10064 | D:10     | Noticed an ice dragon
 10129 | D:10     | Noticed Fannar
 10159 | D:10     | Noticed Maurice
 10178 | D:10     | Killed Maurice
 10180 | D:10     | Killed Fannar
 10264 | D:10     | Found a portal to a secret trove of treasure.
 10682 | D:10     | Noticed Sonja
 11242 | D:10     | Killed Sonja
 11419 | D:8      | Got a jewelled ring mail
 11528 | D:8      | Found a deep blue altar of Sif Muna.
 11716 | D:8      | Killed a death yak
 11722 | D:8      | Killed a death yak
 11722 | D:8      | Reached XP level 12. HP: 59/112 MP: 3/11
 11723 | D:8      | Killed a death yak
 11994 | D:8      | Reached XP level 13. HP: 122/122 MP: 4/12
 12013 | D:8      | Identified the +3 ring mail of the Jackalope {rN+ Int+5
                  | Stlth-} (You found it on level 8 of the Dungeon)
 12294 | D:11     | Found a staircase to the Orcish Mines.
 12868 | D:11     | Found an opulent altar of Gozag.
 13134 | D:10     | Received a gift from Trog
 13143 | D:10     | Killed MordorOrchid's ghost
 13355 | Orc:1    | Entered Level 1 of the Orcish Mines
 13457 | Orc:1    | Found a roughly hewn altar of Beogh.
 15187 | D:13     | Noticed Kirke
 15196 | D:13     | Killed Kirke
 15198 | D:13     | Received a gift from Trog
 15865 | D:13     | Found a gate to the Vaults.
 15957 | D:13     | Reached XP level 14. HP: 70/133 MP: 4/13
 16407 | Lair:1   | Entered Level 1 of the Lair of Beasts
 16719 | Lair:1   | Received a gift from Trog
 17174 | Lair:2   | Noticed Gastronok
 17186 | Lair:2   | Killed Gastronok
 17210 | Lair:2   | Noticed Nergalle
 17215 | Lair:2   | Killed Nergalle
 17465 | Lair:2   | Noticed Lanoc's ghost (journeyman GnMo)
 17466 | Lair:2   | Found a transporter.
 17470 | Lair:2   | Found a transporter.
 18461 | Lair:3   | Got a brightly glowing ring mail
 18474 | Lair:3   | Got an ancient lapis lazuli ring
 18485 | Lair:3   | Identified the +4 ring mail of the Fife {rElec rF+ rCorr
                  | Str+2} (You found it on level 3 of the Lair of Beasts)
 18502 | Lair:3   | Found a staircase to the Shoals.
 18939 | Lair:4   | Identified the ring "Surih" {*Drain rF- rN+ Str+8 Stlth+}
                  | (You found it on level 3 of the Lair of Beasts)
 19235 | Lair:4   | Found a hole to the Spider Nest.
 19717 | Lair:4   | Reached skill level 15 in Fighting
 19720 | Lair:4   | Reached skill level 15 in Axes
 19877 | Lair:5   | Received a gift from Trog
 20232 | Lair:5   | Reached skill level 15 in Armour
 20472 | Lair:5   | Identified a scroll of acquirement
 20473 | Lair:5   | Got a bound silver ring
 20666 | Lair:6   | Entered Level 6 of the Lair of Beasts
 20982 | Lair:6   | HP: 8/202 [crocodile (10)]
 20994 | Lair:6   | Slain by a death yak

Vault maps used:
D:1:      minmay_arrival_cross, minmay_misc_feat_nine_boxes,
          hangedman_abyss_or_decor_lesser_grid, minmay_rat_gold_closets
D:2:      bloody_makhleb, amethyst_overflow_temple_binary, serial_glass,
          glass_columns_a, glass_columns_b, item_on_display_a
D:3:      lemuel_round_altar, nicolae_overflow_hidden_temple,
          minmay_pentomino_pile, uniq_grinder, uniq_crazy_yiuf_cottage,
          uniq_ijyb
D:4:      minmay_fractal_squares_gapless_5, uniq_natasha
D:5:      minmay_temple_entry_trees, first_ration, serial_shops, shop,
          gammafunk_ghost_arena, nzn_random_ring, uniq_edmund, uniq_eustachio,
          uniq_duvessa
D:6:      xom_teletrap_fun, fedhas_ov_isle_minmay, uniq_blork_the_orc
D:7:      basic_altar, grunt_livestock, corexii_hall_statues_x,
          grunt_dithmenos_shadows
D:8:      lemuel_coloured_pillars_altar, dpeg_lair_monsters,
          serial_column_ruins, column_ruins_open_tiny, column_ruins_open_small,
          column_ruins_grid_2, column_ruins_grid_3
D:9:      elyvilon_altar_1, corner_web_ring, st_stairs_10
D:10:     gammafunk_ghost_berserking_beasts, serial_shops, shop, enter_trove_2,
          uniq_maurice, uniq_sonja, uniq_fannar
D:11:     minmay_orc_entry_guard_dogs, grunt_gozag_statues
D:12:     grunt_ministairs_15
D:13:     david_vaults_5, serial_ice, serial_ice_o, serial_ice_n, serial_ice_c,
          serial_ice_f, uniq_kirke
Temple:   dshaligram_water_room_temple
Lair:2:   serial_forest, infiniplex_forest_lined_room_2,
          infiniplex_forest_straight_5, infiniplex_forest_lined_3,
          infiniplex_forest_lined_4_way, infiniplex_forest_corner_1,
          infiniplex_forest_lined_4_way, infiniplex_forest_end_3,
          gammafunk_ghost_hive, st_stairs_7, uniq_nergalle, uniq_gastronok
Lair:3:   shoals_dummy_entry, serial_forest, infiniplex_forest_end_2,
          infiniplex_forest_straight_2, infiniplex_forest_corner_2,
          infiniplex_forest_clump_cross, infiniplex_forest_end_2,
          infiniplex_forest_lined_2, infiniplex_forest_clump_tiny,
          lemuel_fruit_tree
Lair:4:   spider_nest_entry_a
Lair:5:   grunt_megastairs_3
Lair:6:   due_jungle_book, minmay_slime_entry_pillars, st_stairs_4,
          serial_bayou_pond_c, minmay_lair_oklob_chamber,
          infiniplex_staircase_pool
Orc:1:    basic_altar

Skill      XL: |  1  2  3  4  5  6  7  8  9 10 11 12 13 14 |
---------------+-------------------------------------------+-----
Axes           | 4 5 6 8 9 10 12 13 14 15 | 15.4
Fighting       | 4 5 6 8 9 10 12 13 14 15 | 15.5
Armour         | 3 4 5 6 7 9 10 11 12 14 15 | 15.2
Dodging        | 3 4 5 6 8 9 10 11 13 14 | 14.1

Action                   |  1- 3 |  4- 6 |  7- 9 | 10-12 | 13-15 || total
-------------------------+-------+-------+-------+-------+-------++-------
Melee: Hand axe          |    96 |    95 |   299 |   322 |       ||   812
       Headbutt          |     8 |    18 |    65 |   114 |   118 ||   323
       Executioner's axe |       |       |       |   125 |   502 ||   627
Invok: Trog's Hand       |       |     1 |       |     3 |     3 ||     7
       Berserk           |       |       |     5 |     7 |     4 ||    16
       Brothers in Arms  |       |       |       |     1 |     3 ||     4
  Use: Scroll            |       |       |     1 |    15 |    18 ||    34
       Potion            |       |       |       |     7 |     7 ||    14
 Stab: Sleeping          |     3 |       |     1 |       |       ||     4
       Invisible         |       |       |       |    24 |       ||    24
       Distracted        |       |       |       |       |     1 ||     1
       Petrified         |       |       |       |       |     3 ||     3
       Petrifying        |       |       |       |       |     1 ||     1
  Eat: Chunk             |     1 |     5 |    15 |    20 |    29 ||    70
       Ration            |       |       |     1 |     2 |     2 ||     5
Armor: Animal skin       |    12 |    10 |       |       |       ||    22
       Leather armour    |       |       |    60 |    27 |       ||    87
       Ring mail         |       |       |       |    20 |   106 ||   126
Dodge: Dodged            |    59 |    57 |   292 |   450 |   850 ||  1708

Table legend:
 A = Non-vault XP
 B = Vault XP
 C = Vault XP percentage of total XP
 D = Non-vault monster count
 E = Vault monster count
 F = Vault count percentage of total count
                 A         B        C        D         E       F
            +---------+---------+-------+---------+---------+-------
      Total |   57095 |   25207 |  30.6 |     471 |     106 |  18.4
            +---------+---------+-------+---------+---------+-------
        D:1 |      33 |       9 |  21.4 |      16 |       9 |  36.0
        D:2 |     100 |       0 |   0.0 |      25 |       0 |   0.0
        D:3 |     229 |     369 |  61.7 |      18 |       5 |  21.7
        D:4 |     226 |      77 |  25.4 |      13 |       2 |  13.3
        D:5 |     622 |    1312 |  67.8 |      15 |      21 |  58.3
        D:6 |     485 |      94 |  16.2 |       6 |       1 |  14.3
        D:7 |    1695 |    1105 |  39.5 |      32 |       6 |  15.8
        D:8 |     982 |    4655 |  82.6 |      30 |       8 |  21.1
        D:9 |    3648 |     923 |  20.2 |      45 |       2 |   4.3
       D:10 |    4189 |    6004 |  58.9 |      27 |      16 |  37.2
       D:11 |    5346 |     484 |   8.3 |      34 |       3 |   8.1
       D:12 |    3331 |     965 |  22.5 |      15 |       5 |  25.0
       D:13 |    4856 |    5011 |  50.8 |      41 |      19 |  31.7
     Temple |      33 |       0 |   0.0 |       1 |       0 |   0.0
     Lair:1 |    4253 |       0 |   0.0 |      21 |       0 |   0.0
     Lair:2 |    1629 |    3265 |  66.7 |       9 |       4 |  30.8
     Lair:3 |    4733 |       0 |   0.0 |      21 |       0 |   0.0
     Lair:4 |    4331 |     572 |  11.7 |      15 |       2 |  11.8
     Lair:5 |    7785 |     143 |   1.8 |      29 |       1 |   3.3
     Lair:6 |    6755 |     219 |   3.1 |      20 |       2 |   9.1
      Orc:1 |    1834 |       0 |   0.0 |      38 |       0 |   0.0
            +---------+---------+-------+---------+---------+-------
